 Dungeon Crawl Stone Soup version 0.20.1-1-g8b1a95d (webtiles) character file.

356 raph the Chiller (level 6, -1/48 HPs)
             Began as a Draconian Ice Elementalist on Oct 24, 2017.
             Was an Initiate of Kikubaaqudgha.
             Slain by an ogre
             ... wielding a +0 giant club
              (9 damage)
             ... on level 3 of the Dungeon.
             The game lasted 00:10:04 (4006 turns).

raph the Chiller (Draconian Ice Elementalist)       Turns: 4006, Time: 00:10:05

Health: -1/48      AC: 12    Str: 10    XL:     6   Next: 36%
Magic:  5/10       EV: 13    Int: 17    God:    Kikubaaqudgha [......]
Gold:   180        SH:  0    Dex: 12    Spells: 0/10 levels left

rFire    . . .     SeeInvis .   s - +0 quarterstaff
rCold    . . .     Gourm    .   (shield currently unavailable)
rNeg     . . .     Faith    .   (armour unavailable)
rPois    +         Spirit   .   (helmet restricted)
rElec    .         Reflect  .   (no cloak)
rCorr    .         Harm     .   (no gloves)
MR       .....                  (no boots)
Stlth    ++........             (no amulet)
Regen    0.2/turn               q - ring of poison resistance
MPRegen  0.2/turn               (no ring)

@: icy armour, slow
A: unfitting armour, cold-blooded, AC +6
a: Renounce Religion


You were on level 3 of the Dungeon.
You worshipped Kikubaaqudgha.
Kikubaaqudgha was noncommittal.
You were not hungry.

You visited 2 branches of the dungeon, and saw 5 of its levels.

You collected 180 gold pieces.

Inventory:

Hand Weapons
 i - a +0 whip
 s - a +0 quarterstaff (weapon)
Jewellery
 q - a ring of poison resistance (left hand)
Scrolls
 c - 3 scrolls of magic mapping
 d - 4 scrolls of enchant armour
 f - a scroll of teleportation
 g - a scroll of amnesia
 m - 2 scrolls of remove curse
Potions
 e - a potion of ambrosia {unknown}
 h - a potion of flight {unknown}
 j - a potion of brilliance {unknown}
 k - a potion of curing {unknown}
 l - a potion of heal wounds {unknown}
 n - a potion of might {unknown}
 o - a potion of haste
 t - a potion of mutation {unknown}
Books
 a - a book of Frost

   Spells                             Type                      Level
   a - Freeze                         Ice                          1
   b - Throw Frost                    Conjuration/Ice              2
   c - Ozocubu's Armour               Charms/Ice                   3
   d - Throw Icicle                   Conjuration/Ice              4
   e - Summon Ice Beast               Ice/Summoning                4
Comestibles
 b - 2 bread rations


   Skills:
 + Level 2.1 Fighting
 + Level 2.8 Dodging
 + Level 3.0 Stealth
 + Level 2.9 Spellcasting
 - Level 1.0 Conjurations
 + Level 1.5 Charms
 + Level 0.4 Summonings
 * Level 4.8 Ice Magic


You couldn't memorise any spells.
You knew the following spells:

 Your Spells              Type           Power        Failure   Level  Hunger
a - Freeze                Ice            ###.         2%          1    #......
b - Throw Frost           Conj/Ice       ##....       9%          2    ##.....
c - Ozocubu's Armour      Chrm/Ice       ##......     14%         3    ###....
d - Summon Ice Beast      Ice/Summ       ##......     52%         4    #####..


Dungeon Overview and Level Annotations

Branches:
Dungeon (4/15)             Temple (1/1) D:4

Altars:
Dithmenos
Elyvilon
Hepliaklqana
Kikubaaqudgha
Nemelex Xobeh
Okawaru
Qazlal
Zin

Annotations:
D:4 arttle's ghost, amateur GrEE


Innate Abilities, Weirdness & Mutations

Your plain brown scales are hard. (AC +6)
You cannot fit into any form of body armour.
You are cold-blooded and may be slowed by cold attacks.


Message History

The ogre closely misses you.
Casting: Freeze
Confirm with . or Enter, or press ? or * to list all spells.
Aiming: Freeze
Press: ? - help, Shift-Dir - straight line, f/p - ogre
Aim: an ogre, wielding a giant club (lightly wounded)
You freeze the ogre.
The ogre is moderately wounded.
The ogre hits you with a giant club.
* * * LOW HITPOINT WARNING * * *
Casting: Freeze
Confirm with . or Enter, or press ? or * to list all spells.
Aiming: Freeze
Press: ? - help, Shift-Dir - straight line, f/p - ogre
Aim: an ogre, wielding a giant club (moderately wounded)
You freeze the ogre.
The ogre is severely wounded.
The ogre hits you with a giant club!
You die...
Kikubaaqudgha rasps: "You have failed me!
Welcome... death!"

######## ######## ###
#######......# #......####..
#...#........# #......##....
..........>..# #......##.#..
.............#
######.........###
.............###..........#####
...............O@............#
.............#...#.#...#.....#
#...#.........#.#...#.#......#
########...#...#.....#...#...##
#....#..#.....#..#.....###
#.#...###.....###...#.....
######..#..#..#...#..#..#...###
#........###...#.#...###......#
#.......#...#...#...#...#......


You could see an ogre.

Vanquished Creatures
  A phantom (D:3)
  A scorpion (D:4)
  An orc priest (D:3)
  An orc wizard (D:3)
  2 gnolls (D:4)
  5 adders
  3 worms
  4 dart slugs
  3 leopard geckos
  5 orcs
  8 giant cockroaches
  5 goblins
  6 hobgoblins
  8 jackals (D:1)
  6 bats (D:1)
  3 frilled lizards
  8 kobolds
  13 rats
83 creatures vanquished.

Notes
Turn   | Place    | Note
-------+----------+-------------------------------------------
     0 | D:1      | raph the Draconian Ice Elementalist began the quest for the Orb.
     0 | D:1      | Reached XP level 1. HP: 14/14 MP: 3/3
   329 | D:1      | Reached XP level 2. HP: 22/22 MP: 3/5
   466 | D:1      | Learned a level 2 spell: Throw Frost
   721 | D:1      | Reached XP level 3. HP: 15/27 MP: 0/6
   890 | D:1      | Reached skill level 1 in Fighting
  1506 | D:2      | Learned a level 3 spell: Ozocubu's Armour
  1912 | D:2      | Reached XP level 4. HP: 35/35 MP: 4/7
  2550 | D:3      | Found a white marble altar of Elyvilon.
  2553 | D:3      | Found a glowing silver altar of Zin.
  2556 | D:3      | Found a hazy altar of Hepliaklqana.
  2704 | D:3      | Noticed a phantom
  2723 | D:2      | Reached skill level 4 in Ice Magic
  2962 | D:3      | Killed a phantom
  2962 | D:3      | Reached skill level 1 in Charms
  2962 | D:3      | Reached XP level 5. HP: 26/41 MP: 5/8
  3374 | D:3      | Reached XP level 6. HP: 33/48 MP: 1/10
  3472 | D:3      | Learned a level 4 spell: Summon Ice Beast
  3562 | D:4      | Found a staircase to the Ecumenical Temple.
  3764 | D:4      | Noticed arttle's ghost (amateur GrEE)
  3880 | Temple   | Entered the Ecumenical Temple
  3886 | Temple   | Became a worshipper of Kikubaaqudgha
  4006 | D:3      | Slain by an ogre

Skill      XL: |  1  2  3  4  5  6 |
---------------+-------------------+-----
Dodging        | 2 |  2.8
Stealth        | 2 3 |  3.0
Fighting       | 1 2 |  2.1
Ice Magic      | 4 |  4.8
Charms         | 1 |  1.5
Spellcasting   | |  2.9
Conjurations   | |  1.0
Summonings     | |  0.4

Action                   |  1- 3 |  4- 6 || total
-------------------------+-------+-------++-------
Melee: Whip              |    58 |     4 ||    62
       Tailslap          |     5 |     9 ||    14
       Quarterstaff      |       |    59 ||    59
 Cast: Freeze            |    55 |    54 ||   109
       Throw Frost       |     1 |    13 ||    14
       Ozocubu's Armour  |       |     9 ||     9
  Use: Scroll            |       |     8 ||     8
 Stab: Sleeping          |     1 |     3 ||     4
  Eat: Chunk             |     3 |    10 ||    13
Armor: Skin              |    33 |    44 ||    77
Dodge: Dodged            |    57 |    61 ||   118
